 Dungeon Crawl Stone Soup version 0.29.0-11-gd7f09526c8 (webtiles) character file.

Game seed: 14701936834149766389

28 NinjaNoafa the Grave Robber (level 2, -1/19 HPs)
             Began as a Demonspawn Necromancer on Sept 6, 2022.
             Slain by a worm (11 damage)
             ... on level 2 of the Dungeon.
             The game lasted 00:01:17 (950 turns).

NinjaNoafa the Grave Robber (Demonspawn Necromancer) Turns: 950, Time: 00:01:17

Health: -1/19      AC:  2    Str:  8    XL:     2   Next: 96%
Magic:  0/5        EV: 12    Int: 16    God:
Gold:   74         SH:  0    Dex: 13    Spells: 4/5 levels left

rFire   . . .      SeeInvis .   c - +0 dagger
rCold   . . .      Faith    +   (no shield)
rNeg    . . .      Spirit   .   a - +0 robe
rPois   .          Reflect  .   (no helmet)
rElec   .          Harm     .   (no cloak)
rCorr   .          Rampage  .   (no gloves)
Will    .....                   (no boots)
Stlth   ++........              h - amulet of faith
HPRegen 0.06/turn               (no ring)
MPRegen 0.18/turn               (no ring)

@: no status effects
A: magic regeneration
a: no special abilities


You were on level 2 of the Dungeon.
You visited 1 branch of the dungeon, and saw 2 of its levels.

You collected 74 gold pieces.

Inventory:

Hand Weapons
 c - a +0 dagger (weapon)
Missiles
 e - 4 poisoned darts
 g - 9 stones
Armour
 a - a +0 robe (worn)
Jewellery
 h - an amulet of faith (around neck)
Scrolls
 d - a scroll of torment {unknown}
 f - a scroll of butterflies {unknown}
 i - 3 scrolls of teleportation {unknown}
 k - a scroll of identify {unknown}
Potions
 b - a potion of magic
 j - a potion of ambrosia {unknown}


   Skills:
 - Level 1.7 Dodging
 - Level 1.7 Stealth
 - Level 2.0 Spellcasting
 + Level 5.4 Necromancy


You had 4 spell levels left.
You knew the following spells:

 Your Spells              Type           Power      Damage    Failure   Level
a - Necrotise             Necr           76%        1d7       2%          1

Your spell library contained the following spells:

 Spells                   Type           Power      Damage    Failure   Level
 Vampiric Draining        Necr           19%        2d7       7%          3
 Animate Dead             Necr           19%        N/A       22%         4
 Agony                    Necr           19%        N/A       52%         5


Dungeon Overview and Level Annotations

Branches:
Dungeon (2/15)

Altars:


Innate Abilities, Weirdness & Mutations

You regenerate magic rapidly.


Message History

There is a stone staircase leading up here.
Found a ring mail.
A worm comes into view.
A hobgoblin comes into view.
Found an escape hatch in the floor.
A hobgoblin comes into view.
The hobgoblin shouts!
The hobgoblin writhes in agony.
The hobgoblin writhes in agony!
You kill the hobgoblin!
The dead are walking!
The hobgoblin writhes in agony.
The hobgoblin writhes in agony.
You kill the hobgoblin!
The dead are walking!
The worm writhes in agony.
You hit the worm.
The worm is moderately wounded.
Your hobgoblin skeleton hits the worm.
The worm bites you.
You barely miss the worm.
The worm is moderately wounded.
Your hobgoblin skeleton hits the worm.
Casting: Necrotise (safe; 2% risk of failure)
Confirm with . or Enter, or press ? or * to list all spells.
Aiming: Necrotise (safe; 2% risk of failure)
Press: ? - help, Shift-Dir - straight line, f/p - worm
Aim: a worm (heavily wounded, ally target, chance to affect: 84%)
The worm writhes in agony.
The worm bites you. What are your orders? t - Shout!
Orders for allies: a - Attack new target. p - Attack previous target. r - Retreat! s - Stop attacking. g - Guard the area. f - Follow me.
Anything else - Cancel.
Gang up on whom?
Press: ? - help, Dir - move target, f/p - worm
Aim: a worm (heavily wounded, ally target) Attack!
Your hobgoblin skeleton hits the worm.
The worm bites you!
Ouch! That really hurt!
You die...

#.# #.# #.# #.# ##
#.#######
....####.......#
#.......######.#######
....###.# #<......# .
#@# #######..
#...Zw...#
......Z.##.# ........#
# ##.....[# .....##.#
##... ..> .#.# #.#


You could see a worm (ally target) and 2 friendly hobgoblin skeletons.

Vanquished Creatures
  2 dart slugs (D:1)
  3 endoplasms (D:1)
  3 giant cockroaches (D:1)
  A goblin (D:1)
  4 hobgoblins
  2 kobolds (D:1)
  4 bats (D:1)
  A rat (D:1)
20 creatures vanquished.

Vanquished Creatures (collateral kills)
  An endoplasm (D:1)
1 creature vanquished.

Grand Total: 21 creatures vanquished

Notes
Turn   | Place    | Note
-------+----------+-------------------------------------------
     0 | D:1      | NinjaNoafa the Demonspawn Necromancer began the quest for
                  | the Orb.
     0 | D:1      | Reached XP level 1. HP: 13/13 MP: 3/3
   437 | D:1      | Gained mutation: You regenerate magic rapidly. [demonic
                  | ancestry]
   437 | D:1      | Reached XP level 2. HP: 18/19 MP: 1/5
   472 | D:1      | Reached skill level 5 in Necromancy
   950 | D:2      | Slain by a worm

Illustrated notes

Levels and vault maps discovered:
D:1:      dpeg_arrival_rooms_with_view, layout_rooms
D:2:      layout_loops_cross, dreamdust_ecumenical_altar_statues, basic_altar

Skill      XL: |  1  2 |
---------------+-------+-----
Necromancy     | 5 |  5.4
Dodging        | |  1.7
Stealth        | |  1.7
Spellcasting   | |  2.0

Action                   || total
-------------------------++-------
Melee: Dagger            ||     7
 Cast: Necrotise         ||    45
Armor: Robe              ||     4
Dodge: Dodged            ||     5
